AoeStats
← ertespronzee

Black Forest

508011626Analyzed
3v3 RM · 13d ago on Sep 20, 2026· 61m 1s· 6 players
Game mode
Random Map
Map size
Normal (6 player)
Population
200
Speed
Normal
Resources
Standard
Victory
Conquest
Starting age
Dark Age
Ending age
Imperial Age
RankedLock teamsTeams togetherTeam positionsShared explorationLock speedFull tech treeHidden civsTurbo modeCheats
Victory
Defeat
🇹🇷 Turks · Türkiye
786
+12
🇨🇳 Teutons · China
768
+13
🇸🇪 Bohemians · Sweden
636
+19
🇺🇸 Huns · United States
749
-44
🇪🇸 Mongols · Spain
676
-14
🇺🇸 Bohemians · United States
665
-13
grr
11:15 Feudal Age
12:06 Double-Bit Axe
12:23 Horse Collar
20:44 Castle Age
19:10 Gold Mining
19:39 Fletching
20:03 Scale Barding Armor
20:50 Forging
21:19 Bloodlines
21:33 Husbandry
22:12 Loom
24:38 Gold Shaft Mining
23:55 Stone Mining
26:25 Wheelbarrow
25:42 Town Watch
26:10 Light Cavalry
29:03 Stone Shaft Mining
31:16 Bow Saw
31:55 Hand Cart
32:06 Chain Barding Armor
38:21 Imperial Age
35:58 Heavy Plow
37:22 Bodkin Arrow
38:36 Iron Casting
39:52 Ballistics
39:10 Hussar
41:10 Chemistry
39:38 Elite Mangudai
41:38 Conscription
41:33 Padded Archer Armor
43:04 Masonry
43:00 Siege Engineers
47:16 Bracer
47:32 Leather Archer Armor
49:29 Blast Furnace
52:56 Caravan
54:45 Drill
EgOT1113
13:09 Feudal Age
15:47 Horse Collar
15:57 Double-Bit Axe
19:39 Wheelbarrow
24:19 Castle Age
26:40 Coinage
26:22 Scale Barding Armor
31:23 Chain Barding Armor
33:02 Gold Mining
33:47 Stone Mining
34:35 Gold Shaft Mining
34:17 Bow Saw
34:37 Loom
36:17 Wheelbarrow
37:01 Scale Mail Armor
37:27 Murder Holes
41:28 Chain Mail Armor
44:12 Imperial Age
43:40 Marauders
43:59 Hand Cart
44:27 Ballistics
45:38 Atheism
44:40 Elite Tarkan
45:46 Conscription
46:52 Masonry
46:47 Squires
52:08 Plate Barding Armor
53:22 Padded Archer Armor
54:01 Forging
55:09 Bloodlines
55:02 Husbandry
56:09 Sappers
56:29 Town Watch
59:27 Iron Casting
59:09 Leather Archer Armor
58:44 Fletching
58:20 Cavalier
ertespronzee
10:55 Feudal Age
11:35 Double-Bit Axe
12:33 Wheelbarrow
12:40 Horse Collar
22:19 Castle Age
22:13 Town Watch
23:16 Bow Saw
23:09 Heavy Plow
23:30 Hand Cart
28:08 Imperial Age
26:02 Town Patrol
26:42 Ballistics
27:21 Murder Holes
29:18 Chemistry
29:17 Masonry
29:30 Conscription
31:03 Town Patrol
34:28 Two-Man Saw
36:11 Wagenburg Tactics
39:08 Architecture
40:35 Elite Hussite Wagon
48:08 Caravan
49:45 Coinage
52:15 Pikeman
52:56 Squires
52:41 Arson
52:52 Halberdier
53:46 Forging
53:37 Scale Mail Armor
jenjak
0:29 Loom
14:22 Feudal Age
14:52 Double-Bit Axe
18:59 Man-at-Arms
24:41 Castle Age
23:18 Scale Mail Armor
23:09 Fletching
24:47 Horse Collar
25:26 Pikeman
26:39 Town Watch
30:14 Elite Skirmisher
31:34 Heavy Plow
32:08 Bodkin Arrow
32:23 Forging
33:05 Murder Holes
33:21 Fortified Wall
37:33 Imperial Age
35:45 Masonry
36:33 Wheelbarrow
36:12 Padded Archer Armor
37:07 Bow Saw
39:29 Chemistry
39:16 Conscription
41:08 Two-Man Saw
42:05 Hand Cart
44:22 Town Patrol
50:02 Chain Mail Armor
52:25 Caravan
55:15 Halberdier
55:56 Squires
60:25 Wagenburg Tactics
60:47 Houfnice
NNN
0:27 Loom
15:03 Feudal Age
17:16 Wheelbarrow
16:24 Horse Collar
16:31 Double-Bit Axe
23:57 Castle Age
22:27 Stone Mining
22:27 Gold Mining
25:47 Hand Cart
37:59 Imperial Age
36:33 Fortified Wall
38:09 Scale Barding Armor
38:15 Forging
38:23 Heavy Plow
38:35 Bow Saw
39:52 Chain Barding Armor
44:30 Elite Janissary
47:22 Scale Mail Armor
48:21 Chain Mail Armor
50:51 Iron Casting
50:46 Plate Mail Armor
50:41 Artillery
58:37 Conscription
58:38 Sipahi
34542180
1:03 Loom
13:07 Feudal Age
14:15 Double-Bit Axe
26:39 Castle Age
27:02 Horse Collar
27:35 Bow Saw
30:10 Stone Mining
30:12 Gold Mining
30:59 Heavy Plow
33:38 Imperial Age
32:33 Fishing Lines
34:33 Forging
34:29 Scale Barding Armor
34:42 Masonry
34:50 Cavalier
35:40 Bloodlines
36:09 Iron Casting
36:41 Wheelbarrow
35:52 Town Watch
36:41 Crop Rotation
37:12 Two-Man Saw
36:50 Stone Shaft Mining
36:34 Siege Engineers
37:14 Conscription
38:32 Blast Furnace
38:32 Chain Barding Armor
40:45 Hand Cart
43:19 Plate Barding Armor
43:24 Town Patrol
44:51 Caravan
44:15 Paladin
46:39 Ironclad
Connection lost

Rejoining the realm…

Still unreachable

The connection could not be restored.

Session expired

The server has moved on; the page needs a fresh start.